 Dungeon Crawl Stone Soup version 0.31.0-11-ge490571c62 (webtiles) character file.

Game seed: 18167138429848213179

30 Arcadio the Cudgeller (level 3, 0/30 HPs)
             Began as an Armataur Gladiator on Jan 26, 2024.
             Succumbed to a kobold's poison
             ... on level 2 of the Dungeon.
             The game lasted 00:01:06 (832 turns).

Arcadio the Cudgeller (Armataur Gladiator)           Turns: 832, Time: 00:01:06

Health: 0/30       AC:  5    Str: 21    XL:     3   Next: 5%
Magic:  3/3        EV:  9    Int:  8    God:
Gold:   30         SH:  0    Dex: 11    Spells: 2/2 levels left

rFire   . . .        a - +0 flail
rCold   . . .        (no shield)
rNeg    . . .        b - +0 leather armour
rPois   .            c - +0 helmet
rElec   .            (no cloak)
rCorr   .            (no gloves)
SInv    .            (no barding)
Will    .....        (no amulet)
Stlth   +            (no ring)
HPRegen 0.25/turn    (no ring)
MPRegen 0.08/turn

%: roll
@: lethally poisoned (0 -> -26)
A: large, deformed body, tough skin 3, armoured tail, roll 1
a: no special abilities


You were on level 2 of the Dungeon.
You visited 1 branch of the dungeon, and saw 2 of its levels.

You collected 30 gold pieces.

Inventory:

Hand Weapons
 a - a +0 flail (weapon)
Missiles
 d - 3 throwing nets (quivered)
 e - a javelin
Armour
 b - a +0 leather armour (worn)
 c - a +0 helmet (worn)
Scrolls
 f - a scroll of noise {unknown}
 g - a scroll of fear {unknown}
 h - a scroll of identify {unknown}
Potions
 i - a potion of berserk rage {unknown}
 k - a potion of brilliance {unknown}


   Skills:
 + Level 2.3 Fighting
 + Level 3.1 Maces & Flails
 - Level 1.7 Throwing
 + Level 1.7 Armour
 - Level 2.1 Dodging


You had 2 spell levels left.
You didn't know any spells.
Your spell library was empty.

Dungeon Overview and Level Annotations

Branches:
Dungeon (2/15)

Altars:


Innate Abilities, Weirdness & Mutations

Armour fits poorly on your strangely shaped body.
You have extremely tough skin. (AC +3)
You have a long armoured tail.
You regenerate magic when rolling toward enemies. (Rampage MPRegen)


Message History

You feel stronger. x2
You miss the goblin. The goblin closely misses you.
You hit the goblin.
Your tail-slap misses the goblin.
The goblin is severely wounded.
The goblin completely misses you. The goblin closely misses you.
You hit the goblin.
You kill the goblin!
You start to feel less resistant.
Your resistance to elements expires.
HP restored.
i - a ruby potion You now have 30 gold pieces (gained 14).
You open the door.
A kobold and a quokka come into view.
The kobold is wielding a +2 short sword of venom.
You roll towards the quokka!
The kobold shouts!
You hit the quokka but do no damage. The quokka barely misses you. x2
You closely miss the quokka. The quokka closely misses you.
The kobold hits you with a +2 short sword of venom.
You are poisoned.
You miss the quokka.
You feel sick.
The quokka bites you but does no damage.
The kobold hits you but does no damage. The quokka barely misses you.
You barely miss the quokka.
You feel sick.
The kobold hits you with a +2 short sword of venom.
You are more poisoned.
The quokka closely misses you.
You hit the quokka.
The quokka is moderately wounded.
You feel very sick. The quokka barely misses you.
The kobold hits you but does no damage.
You are lethally poisoned!
The quokka bites you but does no damage.
The kobold hits you with a +2 short sword of venom.
You are more poisoned.
* * * LOW HITPOINT WARNING * * *
You feel extremely sick.
There is an open door here.
You die...

#### #?.# #..#
#..# #. #..#
#..# #Kr#
#...##'# .
#..@.#####....
####.......#
#..###### #..#
####..######
#............
#...........#
#
#..........##
..
##............


You could see a quokka.

Vanquished Creatures
  An adder (D:2)
  A bat (D:1)
  2 endoplasms (D:1)
  4 goblins
  3 hobgoblins (D:1)
  2 quokkas (D:1)
  A frilled lizard (D:1)
  A kobold (D:1)
  5 rats
20 creatures vanquished.

Notes
Turn   | Place    | Note
-------+----------+-------------------------------------------
     0 | D:1      | Arcadio the Armataur Gladiator began the quest for the Orb.
     0 | D:1      | Reached XP level 1. HP: 17/17 MP: 1/1
   114 | D:1      | Reached skill level 1 in Armour
   150 | D:1      | Reached XP level 2. HP: 24/24 MP: 2/2
   294 | D:1      | Reached skill level 3 in Maces & Flails
   713 | D:2      | Reached XP level 3. HP: 6/30 MP: 3/3
   832 | D:2      | Succumbed to a kobold's poison

Illustrated notes

Levels and vault maps discovered:
D:1:      scummos_arrival_gate, layout_loops_ring
D:2:      layout_rooms, minivault_24, minmay_divided_ellipse

Skill      XL: |  1  2 |
---------------+-------+-----
Fighting       | 2 |  2.3
Armour         | 1 |  1.7
Maces & Flails | 3 |  3.1
Throwing       | |  1.7
Dodging        | |  2.1

Action                     || total
---------------------------++-------
  Melee: Flail             ||    55
         Tailslap          ||     6
         Punch             ||     1
    Use: Potion            ||     2
 Armour: Leather armour    ||    41
  Dodge: Dodged            ||    31
